 Dungeon Crawl Stone Soup version 0.27.1 (webtiles) character file.

Game seed: 11497120144651689631

614 ZARRMARR the Archer (level 7, 0/32 (33) HPs)
             Began as a Spriggan Hunter on Sept 2, 2021.
             Slain by a wight (5 damage)
             ... on level 4 of the Dungeon.
             The game lasted 00:13:31 (3270 turns).

ZARRMARR the Archer (Spriggan Hunter)               Turns: 3270, Time: 00:13:31

HP:   0/32 (33)     AC:  2    Str: 10    XL:     7   Next: 20%
MP:   8/8           EV: 22    Int: 13    God:
Gold: 179           SH:  0    Dex: 15    Spells: 6/6 levels left

rFire    . . .     SeeInvis +   a - +1 shortbow
rCold    . . .     Faith    .   (shield currently unavailable)
rNeg     . . .     Spirit   .   c - +0 robe
rPois    .         Reflect  .   (helmet restricted)
rElec    .         Harm     .   (no cloak)
rCorr    .         Rampage  .   (gloves unavailable)
Will     +....                  (boots unavailable)
Stlth    +++.......             (no amulet)
HPRegen  0.10/turn              o - +4 ring of evasion
MPRegen  0.11/turn              (no ring)

@: lightly drained, very quick
A: very small, no large weapons, unfitting armour, see invisible, speed 3
a: no special abilities


You were on level 4 of the Dungeon.
You visited 1 branch of the dungeon, and saw 4 of its levels.

You collected 179 gold pieces.

Inventory:

Hand Weapons
 a - a +1 shortbow (weapon)
Armour
 c - a +0 robe (worn)
Jewellery
 k - an amulet of magic regeneration
 o - a +4 ring of evasion (left hand)
Wands
 m - a wand of flame (2)
 r - a wand of polymorph (4)
Scrolls
 f - a scroll of enchant armour
 g - a scroll of teleportation
 h - a scroll of amnesia {unknown}
 i - a scroll of silence {unknown}
 j - a scroll of fog {unknown}
 q - a scroll of identify
Potions
 b - a potion of might {unknown}
 e - a potion of brilliance {unknown}
 n - a potion of heal wounds {unknown}
 p - a potion of ambrosia {unknown}


   Skills:
 - Level 1.5 Fighting
 * Level 9.6 Bows
 * Level 4.2 Dodging
 * Level 4.0 Stealth


You had 6 spell levels left.
You didn't know any spells.
Your spell library was empty.

Dungeon Overview and Level Annotations

Branches:
Dungeon (4/15)
 Temple: D:4-7

Altars:
Ashenzari
Elyvilon
Xom


Innate Abilities, Weirdness & Mutations

You are very small and have problems with some larger weapons.
You are too small for most types of armour.
You have supernaturally acute eyesight. (SInv)
You cover ground extremely quickly. (Speed+++)


Message History

The puff of flame hits the wight!
The wight is heavily damaged.
The orc barely misses you. The wight completely misses you.
Aiming: Throw Flame
Press: ? - help, Shift-Dir - straight line, f/p - wight
Aim: a wight, wielding a +0 scimitar and wearing a +2 robe of willpower (heavily damaged, 68% to hit)
The puff of flame misses the wight.
The orc hits you with a +0 hand axe. The wight misses you.
Aiming: Throw Flame
Press: ? - help, Shift-Dir - straight line, f/p - wight
Aim: a wight, wielding a +0 scimitar and wearing a +2 robe of willpower (heavily damaged, 68% to hit)
The puff of flame misses the wight.
The orc hits you with a +0 hand axe. The wight completely misses you.
Aiming: Throw Flame
Press: ? - help, Shift-Dir - straight line, f/p - wight
Aim: a wight, wielding a +0 scimitar and wearing a +2 robe of willpower (heavily damaged, 68% to hit)
The puff of flame hits the wight.
The wight is severely damaged.
The orc misses you. The wight completely misses you.
Aiming: Throw Flame
Press: ? - help, Shift-Dir - straight line, f/p - wight
Aim: a wight, wielding a +0 scimitar and wearing a +2 robe of willpower (severely damaged, 68% to hit)
The puff of flame hits the wight but does no damage.
The wight is severely damaged.
The orc completely misses you. The wight barely misses you.
Aiming: Throw Flame
Press: ? - help, Shift-Dir - straight line, f/p - wight
Aim: a wight, wielding a +0 scimitar and wearing a +2 robe of willpower (severely damaged, 68% to hit)
The puff of flame hits the wight.
The wight is almost destroyed.
The orc hits you with a +0 hand axe. The wight misses you.
Aiming: Throw Flame
Press: ? - help, Shift-Dir - straight line, f/p - wight
Aim: a wight, wielding a +0 scimitar and wearing a +2 robe of willpower (almost destroyed, 68% to hit)
The puff of flame hits the wight but does no damage.
The wight is almost destroyed.
The orc misses you. The wight hits you with a +0 scimitar!
* * * LOW HITPOINT WARNING * * *
You feel drained.
You die...

.##......... .......###..#.....
..#.......... .........#........
...............#.................
.......#.......#..#...........[..
......#♣#....# #.##.............#
..........#..###.............Y#..
####.............#.#........W.#..
# #........# ##.###.........#...
##.......###.@...#........##..
#..........oz................ ###
###)#.#........##............
...###..#.#........#.....)......#
...(.#..#..#.(..##).......#.....(
.....#†).......###..........§..§§
##.............###.....≈≈≈§≈≈§.§§
_#....((......###.....§≈.§§.§≈§§§
+#.....((..............≈.≈≈≈§§§§§


You could see a wight and an orc.

Vanquished Creatures
  A sky beast (D:4)
  A phantom (D:4)
  A scorpion (D:4)
  4 wights (D:4)
  A jelly (D:4)
  Ijyb (D:3)
  An orc wizard (D:4)
  7 adders
  A dart slug (D:2)
  4 orcs (D:4)
  6 ball pythons
  4 bats
  6 endoplasms
  4 giant cockroaches
  6 hobgoblins
  4 jackals (D:3)
  7 kobolds
  2 quokkas (D:2)
  6 frilled lizards
  5 goblins
  8 rats
80 creatures vanquished.

Notes
Turn   | Place    | Note
-------+----------+-------------------------------------------
     0 | D:1      | ZARRMARR the Spriggan Hunter began the quest for the Orb.
     0 | D:1      | Reached XP level 1. HP: 10/10 MP: 2/2
    17 | D:1      | Reached skill level 5 in Bows
   134 | D:1      | Reached XP level 2. HP: 14/14 MP: 3/3
   605 | D:2      | Found a shimmering altar of Xom.
   650 | D:2      | Reached XP level 3. HP: 18/18 MP: 4/4
   654 | D:2      | Reached skill level 6 in Bows
  1582 | D:3      | Found a faded altar of an unknown god.
  1704 | D:3      | Reached XP level 4. HP: 22/22 MP: 5/5
  2049 | D:3      | Noticed Ijyb
  2056 | D:3      | Killed Ijyb
  2057 | D:3      | Reached skill level 7 in Bows
  2419 | D:4      | Reached XP level 5. HP: 23/25 MP: 6/6
  2645 | D:4      | Reached skill level 8 in Bows
  2648 | D:4      | Found a white marble altar of Elyvilon.
  2655 | D:4      | Noticed a sky beast
  2659 | D:4      | Noticed a phantom
  2662 | D:4      | Reached XP level 6. HP: 30/30 MP: 7/7
  3001 | D:4      | Killed a sky beast
  3133 | D:4      | Found a broken altar of Ashenzari.
  3140 | D:4      | Reached skill level 9 in Bows
  3219 | D:4      | Reached XP level 7. HP: 33/33 MP: 8/8
  3270 | D:4      | Slain by a wight

Illustrated notes

Levels and vault maps discovered:
D:1:      scummos_arrival_simple_crosswalls, layout_rooms
D:2:      layout_loops_corners, basic_altar, minmay_misc_feat_more_columns
D:3:      layout_loops_ring, hellmonk_ecumenical_altar_lost_god, uniq_ijyb
D:4:      layout_cave_pools, ashenzari_conservatory_becter,
          mainiacjoe_overflow_catwalk_spiral, kennysheep_decorative_pillar

Skill      XL: |  1  2  3  4  5  6  7 |
---------------+----------------------+-----
Bows           | 5 6 7 8 9 |  9.6
Stealth        | 2 3 4 |  4.0
Dodging        | 3 4 |  4.2
Fighting       | |  1.5

Action                   |  1- 3 |  4- 6 |  7- 9 || total
-------------------------+-------+-------+-------++-------
 Fire: Shortbow          |   104 |   143 |     6 ||   253
Evoke: Wand              |       |    12 |    18 ||    30
  Use: Scroll            |     3 |       |       ||     3
Armor: Robe              |       |     2 |       ||     2
Dodge: Dodged            |    20 |    33 |    19 ||    72
